 Dungeon Crawl Stone Soup version 0.31-a0-496-g6f97920a28 (webtiles) character file.

Game seed: 8969192275823828513

54 kae the Changeling (level 3, -4/39 HPs)
             Began as a Demonspawn Shapeshifter on Aug 8, 2023.
             Slain by a gnoll
             ... wielding a +0 halberd
              (5 damage)
             ... on level 2 of the Dungeon.
             The game lasted 00:00:51 (789 turns).

kae the Changeling (Demonspawn Shapeshifter)         Turns: 789, Time: 00:00:52

Health: -4/39      AC: 21    Str: 15    XL:     3   Next: 66%
Magic:  3/3        EV:  2    Int:  9    God:
Gold:   48         SH:  0    Dex: 15    Spells: 2/2 levels left

rFire   . .          .
                       - Unarmed
rCold   . . .        (no shield)
rNeg    . . .        a - melded +0 animal skin
rPois   +            (helmet currently unavailable)
rElec   .            (cloak currently unavailable)
rCorr   .            (gloves currently unavailable)
SInv    .            (boots currently unavailable)
Will    .....        (no amulet)
Stlth   +            (no ring)
HPRegen 0.26/turn    (no ring)
MPRegen 0.08/turn

%: no passive effects
@: tree-form
A: stationary, stasis, torment immunity, boosted hp, (antennae 1), demonic magic
1
a: no special abilities


You were on level 2 of the Dungeon.
You were a tree.
You visited 1 branch of the dungeon, and saw 2 of its levels.

You collected 48 gold pieces.


Innate Abilities, Weirdness & Mutations

You are a tree.
Your roots penetrate the ground, keeping you stationary.
You cannot be teleported.
You are immune to unholy pain and torment.
Your maximum health is greatly increased.
Your equipment is partially melded.
((You have a pair of small antennae on your head.))
Spells you cast may paralyse adjacent enemies.


   Skills:
 - Level 1.0 Fighting
 - Level 1.7 Dodging
 + Level 3.3 Unarmed Combat
 * Level 3.5 Shapeshifting


You had 2 spell levels left.
You didn't know any spells.
Your spell library was empty.

Inventory:

Missiles
 g - 9 stones
Armour
 a - a +0 animal skin (melded)
Talismans
 c - a beast talisman
 d - a flux talisman
Potions
 b - a potion of lignification {!q}

Dungeon Overview and Level Annotations

Branches:
Dungeon (2/15) Zot: 11215

Altars:

#########
........#
........#
........######
. .........).#
... #.........#
....
#.........#
.....#
#.........#
......
+.)♣......+
......
#.Sg......#
.....#
...g........#
.....#
..............#
......
.....##########
###### .....
.... .... ###
#..


You could see a gnoll, an adder and a hobgoblin.


Message History

There are monsters nearby!
There are monsters nearby!
A hobgoblin comes into view. It is quivering datura-tipped darts.
You barely miss the gnoll.
The gnoll shouts!
You hear a shout!
The gnoll misses you.
A gnoll comes into view. It is wielding a +0 halberd.
Okay, then.
You aren't carrying any scrolls.
Unknown command.
Okay, then.
You hit the gnoll. The gnoll closely misses you.
A gnoll comes into view. It is wielding a +0 whip.
You punch the gnoll!
The gnoll hits you with a +0 flail. 😕 HP[-6]
You take 6 damage, and now have 20/26 hp.
MASSIVE DAMAGE!! (PAUSE)
You hit the gnoll.
You kill the gnoll!
Your transformation has ended.
You turn into a tree.
Your +0 animal skin melds into your body.
Your roots penetrate the ground.
The hobgoblin hits you but does no damage.
The ball python bites you but does no damage.
The ball python grabs you.
The ball python constricts you. 😕 HP[+11]
You now have 39 max hp (+13).
You regained 11 hp, and now have 31/39 hp.
You smack the ball python!
You kill the ball python!
The gnoll hits you with a +0 flail.
The hobgoblin hits you but does no damage. 😮 HP[-2]
You take 2 damage, and now have 29/39 hp.
You cannot move.
You closely miss the hobgoblin. The gnoll barely misses you.
The hobgoblin hits you but does no damage. 😕 HP[+1]
You closely miss the hobgoblin.
The hobgoblin hits you but does no damage.
You hit the hobgoblin. The gnoll hits you but does no damage.
The gnoll hits you from afar with a +0 halberd.
The hobgoblin hits you but does no damage. 😮 HP[-1]
You take 1 damage, and now have 29/39 hp.
You hit the gnoll.
An adder comes into view.
The gnoll hits you but does no damage. x2
The gnoll hits you from afar with a +0 halberd!
The hobgoblin hits you but does no damage. 😮 HP[-8]
You take 8 damage, and now have 21/39 hp.
MASSIVE DAMAGE!! (PAUSE)
You barely miss the gnoll.
The adder hisses angrily.
The hobgoblin hits you but does no damage.
The gnoll hits you with a +0 flail. The gnoll hits you with a +0 whip.
* * * LOW HITPOINT WARNING * * *
The gnoll hits you but does no damage. 😨 HP[-5]
You take 5 damage, and now have 16/39 hp.
You hit the gnoll. You barely miss the gnoll.
The gnoll hits you but does no damage.
The gnoll hits you from afar with a +0 halberd!
* * * LOW HITPOINT WARNING * * *
The gnoll barely misses you.
The hobgoblin hits you but does no damage. 😱 HP[-7]
You take 7 damage, and now have 9/39 hp.
You smack the gnoll!
You kill the gnoll!
The gnoll hits you but does no damage.
The gnoll hits you from afar with a +0 halberd.
* * * LOW HITPOINT WARNING * * *
The hobgoblin hits you but does no damage. 😱 HP[-5]
You take 5 damage, and now have 4/39 hp.
You cannot move.
You cannot move.
You cannot move.
You barely miss the gnoll.
The gnoll hits you but does no damage. x2
The hobgoblin hits you but does no damage.
The adder bites you but does no damage. 😱 HP[+1]
You smack the gnoll!
The gnoll hits you but does no damage. x2
The hobgoblin hits you but does no damage.
The adder bites you but does no damage.
You closely miss the gnoll.
The gnoll hits you but does no damage. x2
The hobgoblin hits you.
* * * LOW HITPOINT WARNING * * *
The adder bites you but does no damage. 😱 HP[-4]
You take 4 damage, and now have 1/39 hp.
You smack the gnoll!
You kill the gnoll!
The adder bites you but does no damage.
The gnoll hits you from afar with a +0 halberd.
You die...

Skill      XL: |  1  2 |
---------------+-------+-----
Shapeshifting  | 3 |  3.5
Unarmed Combat | 3 |  3.3
Fighting       | |  1.0
Dodging        | |  1.7

Action                     || total
---------------------------++-------
  Melee: Unarmed           ||    94
         Punch             ||     2
    Use: Scroll            ||     3
         Potion            ||     1
   Stab: Sleeping          ||     1
 Armour: Animal skin       ||    20
         Skin              ||    28
  Dodge: Dodged            ||    57

Levels and vault maps discovered:
D:1:      giann_wishing_wells, layout_rooms, shapermc_ecumenical_altar_pompeii,
          serial_glass, glass_columns_a, glass_columns_c, glass_columns_a,
          glass_columns_a, item_on_display_a
D:2:      layout_basic, serial_shops, shop_statue, minmay_misc_feat_more_columns

Notes
Turn   | Place    | Note
-------+----------+-------------------------------------------
     0 | D:1      | kae the Demonspawn Shapeshifter began the quest for the
                  | Orb.
     0 | D:1      | Reached XP level 1. HP: 15/15 MP: 1/1
     0 | D:1      | magus.rc [v1.11.3]
   150 | D:1      | Reached skill level 3 in Shapeshifting
   150 | D:1      | Gained mutation: Spells you cast may paralyse adjacent
                  | enemies. [demonic ancestry]
   150 | D:1      | Reached XP level 2. HP: 20/21 MP: 2/2
   260 | D:1      | Found a faded altar of an unknown god.
   290 | D:1      | Reached skill level 3 in Unarmed Combat
   409 | D:1      | Gained mutation: You have a pair of small antennae on your
                  | head. [demonic ancestry]
   409 | D:1      | Reached XP level 3. HP: 23/26 MP: 3/3
   784 | D:2      | HP: 9/39 [gnoll/+0 halberd (7)]
   785 | D:2      | HP: 4/39 [gnoll/+0 halberd (5)]
   788 | D:2      | HP: 1/39 [hobgoblin (4)]
   789 | D:2      | Slain by a gnoll

Vanquished Creatures
  3 gnolls (D:2)
  A dart slug (D:1)
  4 endoplasms
  A giant cockroach (D:1)
  A goblin (D:1)
  3 hobgoblins
  3 kobolds (D:1)
  2 quokkas (D:1)
  2 ball pythons
  6 bats (D:1)
  2 frilled lizards (D:1)
  4 rats (D:1)
32 creatures vanquished.

Table legend:
 A = Non-vault XP
 B = Vault XP
 C = Vault XP percentage of total XP
 D = Non-vault monster count
 E = Vault monster count
 F = Vault count percentage of total count
                 A         B        C        D         E       F
            +---------+---------+-------+---------+---------+-------
      Total |      93 |       0 |   0.0 |      32 |       0 |   0.0
            +---------+---------+-------+---------+---------+-------
        D:1 |      44 |       0 |   0.0 |      26 |       0 |   0.0
        D:2 |      49 |       0 |   0.0 |       6 |       0 |   0.0
            +---------+---------+-------+---------+---------+-------

Skill      XL: |  1  2 |
---------------+-------+-----
Shapeshifting  | 3 |  3.5
Unarmed Combat | 3 |  3.3
Fighting       | |  1.0
Dodging        | |  1.7

Action                     || total
---------------------------++-------
  Melee: Unarmed           ||    94
         Punch             ||     2
    Use: Scroll            ||     3
         Potion            ||     1
   Stab: Sleeping          ||     1
 Armour: Animal skin       ||    20
         Skin              ||    28
  Dodge: Dodged            ||    57

Illustrated notes

Table legend:
 A = Kills in this place as a percentage of kills in the entire game.
 B = Kills by you in this place as a percentage of kills by you in the entire game.
 C = Kills by friends in this place as a percentage of kills by friends in the entire game.
 D = Other kills in this place as a percentage of other kills in the entire game.
 E = Experience gained in this place as a percentage of experience gained in the entire game.
 F = Experience gained in this place divided by the number of levels of this place that you have seen.
                   A       B       C       D       E      F
               +-------+-------+-------+-------+-------+----------------------
         Total | 100.0 | 100.0 |   N/A |   N/A | 100.0 |  46.5
       Dungeon | 100.0 | 100.0 |   N/A |   N/A | 100.0 |  46.5
               +-------+-------+-------+-------+-------+----------------------

Table legend: (Time is in decaauts)
 A = Elapsed time spent in this place.
 B = Non-inter-level travel time spent in this place.
 C = Inter-level travel time spent in this place.
 D = Time resting spent in this place.
 E = Time spent auto-exploring this place.
 F = Levels seen in this place.
 G = Mean time per level.
                   A        B        C        D        E       F      G
               +--------+--------+--------+--------+--------+-----+--------+
         Total |    783 |    766 |     17 |      9 |    576 |   2 |  391.5 |
       Dungeon |    783 |    766 |     17 |      9 |    576 |   2 |  391.5 |
               +--------+--------+--------+--------+--------+-----+--------+

Top non-repeatable levels by time:
     D:1: 686 daAuts
     D:2: 97 daAuts
